[Event "WTCC-50 2018"]
[Site "Radebeul"]
[Date "2018.07.11"]
[Round "5"]
[White "Jhunjhnuwala, Naresh"]
[Black "Denk, Adolf"]
[Result "1/2-1/2"]
[ECO "B50"]
[WhiteElo "2164"]
[BlackElo "2262"]
[Annotator "NA"]
[PlyCount "88"]
[EventDate "2018.07.07"]
[EventType "team-tourn"]
[EventCountry "GER"]
[SourceTitle "playchess.com"]
[Source "ChessBase"]
[SourceQuality "1"]
[TimeControl "40/5400+30:1800+30"]

1. e4 c5 2. Nf3 d6 3. c3 Nf6 4. h3 g6 5. Qc2 Bg7 6. Bc4 O-O 7. O-O Nc6 8. Re1 Rb8 9. b3 b5 10. Bf1 Ne8 11. Bb2 e5 12. d3 Nc7 13. Nbd2 Ne6 14. g3 f5 15. exf5 gxf5 16. Bg2 Bd7 17. Rad1 Qf6 18. Nf1 b4 19. Ne3 bxc3 20. Bxc3 Rfc8 21. Qb2 Kh8 22. Nc4 Qf8 23. Re2 Ncd4 24. Bxd4 cxd4 25. Qa3 e4 26. Ne1 d5 27. Qxf8+ Nxf8 28. Na3 Ne6 29. f3 Nc5 30. fxe4 fxe4 31. dxe4 dxe4 32. Bxe4 Bxh3 33. Bf3 Bf5 34. Nc4 Rc7 35. Ne5 Rd8 36. Nc6 Rxc6 37. Bxc6 d3 38. Re8+ Rxe8 39. Bxe8 Bd4+ 40. Kg2 Bc3 41. Bb5 d2 42. Nf3 Bc2 43. Rxd2 Bxd2 44. Nxd2 Kg7 1/2-1/2

[Event "WTCC-50 2018"]
[Site "Radebeul"]
[Date "2018.07.11"]
[Round "5"]
[White "Wuttke, Hans"]
[Black "Yermolinsky, Alex"]
[Result "0-1"]
[ECO "A09"]
[WhiteElo "2160"]
[BlackElo "2505"]
[Annotator "ChessBase"]
[PlyCount "68"]
[EventDate "2018.07.07"]
[EventType "team-tourn"]
[EventCountry "GER"]
[SourceTitle "playchess.com"]
[Source "ChessBase"]
[SourceQuality "1"]
[TimeControl "40/5400+30:1800+30"]

1. Nf3 d5 2. c4 d4 3. b4 g6 4. Bb2 Bg7 5. g3 e5 6. d3 Nh6 7. Bg2 O-O 8. O-O Nd7 9. Nbd2 Re8 10. Nb3 Nf5 11. Re1 Nf6 12. Nfd2 h5 13. Ne4 h4 14. Nxf6+ Qxf6 15. Nc5 Nd6 16. Qd2 Kh7 17. Bc1 Rb8 18. Qg5 h3 19. Bh1 Qxg5 20. Bxg5 f5 21. Rac1 b6 22. Nb3 Bb7 23. c5 Nb5 24. c6 Bc8 25. Nd2 Be6 26. Rc2 Nc3 27. Kf1 Nxa2 28. Rb2 Nc3 29. Ra1 Ra8 30. b5 a5 31. bxa6 Ra7 32. f4 Rea8 33. fxe5 Rxa6 34. Rxa6 Rxa6 0-1

[Event "WTCC-50 2018"]
[Site "Radebeul"]
[Date "2018.07.11"]
[Round "5"]
[White "Limpert, Michael"]
[Black "Chan, Peng Kong"]
[Result "0-1"]
[ECO "B40"]
[WhiteElo "2159"]
[BlackElo "2158"]
[Annotator "NA"]
[PlyCount "143"]
[EventDate "2018.07.07"]
[EventType "team-tourn"]
[EventCountry "GER"]
[SourceTitle "playchess.com"]
[Source "ChessBase"]
[SourceQuality "1"]
[TimeControl "40/5400+30:1800+30"]

1. e4 c5 2. Nf3 e6 3. b3 b6 4. Bb2 Bb7 5. Bd3 {[%emt 0:08:18] B40: Sicilian: 2...e6, Unusual lines} Nc6 6. c3 (6. a3 Nf6 7. O-O d6 8. Re1 Be7 9. Bf1 O-O 10. d3 Nd7 11. Nbd2 Bf6 12. Bxf6 Nxf6 {1-0 (29) Kasimdzhanov,R (2683)-Ganguly,S (2650) Riadh 2017}) 6... Nf6 7. O-O Be7 8. Bc2 $146 ({Predecessor:} 8. Re1 e5 9. Bf1 O-O 10. Na3 d6 11. d4 cxd4 12. cxd4 exd4 13. Nxd4 {0-1 (26) Kerigan,D (2343)-Lemmers,O (2373) Belgium 2015}) 8... d5 9. d3 O-O 10. Nbd2 Qc7 11. Qe2 Rad8 12. Rad1 Rfe8 13. h3 d4 14. c4 e5 15. Nh2 Bc8 16. Rfe1 Bf8 17. Ndf1 g6 18. Bc1 h6 19. Ng4 Nxg4 20. hxg4 Qe7 21. g3 Bg7 22. Nh2 Kh7 23. Kg2 Rh8 24. Rh1 Rde8 25. Rdg1 Kg8 26. Nf1 Nb4 27. Bd1 Bd7 28. Rh2 f6 29. Rgh1 g5 30. f4 Rf8 31. f5 Ra8 32. Kg1 Kh7 33. a3 Nc6 34. Qa2 a6 35. Rb2 Rhb8 36. Rhh2 Be8 37. Rb1 Bf8 38. Rhb2 b5 39. Bd2 Bf7 40. Be1 Qc7 41. Be2 Bd6 42. Qa1 Ra7 43. Bd2 Rab7 44. Bc1 Rb6 45. Bd1 R8b7 46. Kg2 Qb8 47. Nd2 Kg7 48. Be2 Bf8 49. Kg1 Be7 50. Kg2 Qd6 51. Bd1 Rb8 52. Kg1 R6b7 53. Nf1 Bd8 54. Bd2 Qe7 55. Kg2 Qf8 56. Kg1 Qd6 57. Be1 Rb6 58. Bd2 R8b7 59. Bc1 bxc4 60. bxc4 Qb8 61. Rxb6 Rxb6 62. Rxb6 Qxb6 63. Qb2 Qxb2 64. Bxb2 Ba5 65. Kf2 Kf8 66. Bf3 Ke7 67. Ke2 Be8 68. Kd1 Nb8 69. Nd2 Kd6 70. Kc1 Nd7 71. Bd1 Nb6 $15 72. Nf1 0-1

[Event "WTCC-50 2018"]
[Site "Radebeul"]
[Date "2018.07.11"]
[Round "5"]
[White "Sazonova, Elena N"]
[Black "Thurstan, Tim M"]
[Result "1/2-1/2"]
[ECO "C11"]
[WhiteElo "2146"]
[BlackElo "2035"]
[Annotator "NA"]
[PlyCount "119"]
[EventDate "2018.07.07"]
[EventType "team-tourn"]
[EventCountry "GER"]
[SourceTitle "playchess.com"]
[Source "ChessBase"]
[SourceQuality "1"]
[TimeControl "40/5400+30:1800+30"]

1. e4 e6 2. Nf3 d5 3. Nc3 Nf6 4. e5 Nfd7 5. d4 b6 6. Ng5 {[%emt 0:11:01] C11: French: Classical System: 4 e5 and 4 Bg5 dxe4} (6. Bg5 Be7 7. Bxe7 Qxe7 8. Nb5 Qd8 9. Bd3 Ba6 10. h4 Bxb5 11. Bxb5 c6 12. Bd3 c5 13. c3 Nc6 {½-½ (53) Sadovsky,A (2414)-Stupak,K (2564) St Petersburg 2016}) 6... Ba6 $146 ({Predecessor:} 6... g6 7. Qf3 Qe7 8. Nb5 Na6 9. Bd3 h6 10. Qh3 Bg7 11. Nf3 Nf8 12. c3 Nb8 13. O-O a6 {½-½ (51) Languidey,S (2360)-Fernandes Filho,B (2108) Florianopolis 2018}) 7. Qh5 Qe7 8. h4 g6 9. Qg4 h5 10. Qf3 Bg7 11. Nb5 Bxb5 12. Bxb5 c6 13. Bd3 Nf8 14. Bd2 f5 15. O-O-O Nbd7 16. c4 Rc8 17. Kb1 dxc4 18. Bxc4 b5 19. Be2 Nb6 20. Rc1 Qd7 21. Rhd1 a6 22. Bb4 Nd5 23. Bd6 Nh7 24. Qa3 Nxg5 25. hxg5 Qb7 26. Bf3 Kf7 27. Rc2 Rhd8 28. Rdc1 Bf8 29. Bxd5 cxd5 30. Qa5 Rxc2 31. Qxd8 Rxc1+ 32. Kxc1 Bg7 33. a3 b4 34. axb4 Qb5 35. Qc7+ Kg8 36. Kb1 Qd3+ 37. Ka2 Qxd4 38. Qc8+ Kh7 39. Qxa6 Bxe5 40. Bxe5 Qxe5 41. b5 d4 42. Qc6 d3 43. Qd7+ Kg8 44. Qd8+ Kf7 45. Qd7+ Kf8 46. Qxd3 Ke8 47. Qc4 Kd8 48. Kb3 h4 (48... Qd6 {might work better.} 49. Ka4 Kd7) 49. Qxh4 $11 (49. b6 $18) 49... Qxb5+ 50. Qb4 Qd3+ 51. Qc3 Qd1+ 52. Ka3 Qd6+ 53. b4 e5 54. f3 Qd5 55. Kb2 Kd7 56. Kc1 Qb5 57. Kd2 Ke6 58. Qc8+ Kd5 59. Kc3 Qe2 60. Qd7# {[%emt 0:00:26] Kd4+} 1/2-1/2

[Event "WTCC-50 2018"]
[Site "Radebeul"]
[Date "2018.07.11"]
[Round "5"]
[White "Van den Bersselaar, Jeroen"]
[Black "Schulz, Klaus-Juergen"]
[Result "0-1"]
[ECO "A05"]
[WhiteElo "2142"]
[BlackElo "2324"]
[Annotator "NA"]
[PlyCount "54"]
[EventDate "2018.07.07"]
[EventType "team-tourn"]
[EventCountry "GER"]
[SourceTitle "playchess.com"]
[Source "ChessBase"]
[SourceQuality "1"]
[TimeControl "40/5400+30:1800+30"]

1. Nf3 Nf6 2. c4 e6 3. g3 b6 4. Bg2 Bb7 5. O-O c5 6. b3 d6 7. d4 cxd4 8. Qxd4 Nbd7 9. Nc3 a6 10. Rd1 Qc7 11. e4 Be7 12. Ba3 Nc5 13. e5 dxe5 14. Nxe5 Bxg2 15. Kxg2 O-O 16. Qe3 Rfc8 17. f3 Rd8 18. Ne2 Nfd7 19. Nxd7 Rxd7 20. b4 Rxd1 21. Rxd1 Nd7 22. Rc1 Ne5 23. c5 bxc5 24. bxc5 Rd8 25. Nd4 Rd5 26. f4 Nc6 27. Nxe6 Qd7 0-1

[Event "WTCC-50 2018"]
[Site "Radebeul"]
[Date "2018.07.11"]
[Round "5"]
[White "Barron, Michael"]
[Black "Nazarenus, Olaf"]
[Result "1-0"]
[ECO "B70"]
[WhiteElo "2123"]
[BlackElo "2082"]
[Annotator "NA"]
[PlyCount "107"]
[EventDate "2018.07.07"]
[EventType "team-tourn"]
[EventCountry "GER"]
[SourceTitle "playchess.com"]
[Source "ChessBase"]
[SourceQuality "1"]
[TimeControl "40/5400+30:1800+30"]

1. e4 c5 2. Nf3 d6 3. d4 cxd4 4. Nxd4 Nf6 5. Nc3 g6 6. Be2 Bg7 7. O-O O-O 8. Kh1 Nc6 9. Nb3 Be6 10. Bg5 Rc8 11. f4 Na5 12. Nd4 Bc4 13. Re1 Bxe2 14. Qxe2 Nc4 15. Nd1 h6 16. Bxf6 Bxf6 17. c3 Qb6 18. Nb3 a5 19. Nd2 Qc6 20. Nxc4 Qxc4 21. Qf3 Qb5 22. Re2 a4 23. a3 Rc4 24. Nf2 Rfc8 25. Rd1 Qb3 26. Red2 b5 27. Nd3 R4c7 28. e5 Bg7 29. exd6 exd6 30. Nc1 Qc4 31. Rxd6 b4 32. axb4 a3 33. bxa3 Qxc3 34. Ne2 Qb2 35. R6d2 Rc2 36. Qd3 Rxd2 37. Rxd2 Qa1+ 38. Rd1 Qb2 39. Rb1 Qc2 40. Qxc2 Rxc2 41. Nc1 Bb2 42. Nd3 Bxa3 43. g3 g5 44. Rb3 Ra2 45. b5 Bd6 46. b6 g4 47. b7 Bb8 48. Rc3 Ra1+ 49. Kg2 Ra2+ 50. Kf1 Ba7 51. Rc8+ Kg7 52. Ra8 Ra1+ 53. Ke2 Ra2+ 54. Kd1 1-0

[Event "WTCC-50 2018"]
[Site "Radebeul"]
[Date "2018.07.11"]
[Round "5"]
[White "Obers, Frits"]
[Black "Polster, Wolfgang"]
[Result "1/2-1/2"]
[ECO "A10"]
[WhiteElo "2113"]
[BlackElo "2203"]
[Annotator "NA"]
[PlyCount "78"]
[EventDate "2018.07.07"]
[EventType "team-tourn"]
[EventCountry "GER"]
[SourceTitle "playchess.com"]
[Source "ChessBase"]
[SourceQuality "1"]
[TimeControl "40/5400+30:1800+30"]

1. c4 f5 2. g3 g6 3. Bg2 Bg7 4. Nc3 Nc6 5. d3 d6 6. e4 Nh6 7. Nge2 O-O 8. O-O e5 9. Nd5 Be6 10. f3 g5 11. exf5 Nxf5 12. Ne3 Nfe7 13. b3 h6 14. Bb2 Nd4 15. Nc2 c5 16. f4 gxf4 17. Bxd4 cxd4 18. gxf4 Nc6 19. fxe5 dxe5 20. Rxf8+ Qxf8 21. Ng3 Qf7 22. Qe2 Qg6 23. Rf1 Rf8 24. Rxf8+ Kxf8 25. b4 Nd8 26. a4 b6 27. Ne1 Bd7 28. b5 Ne6 29. Qf3+ Nf4 30. Qa8+ Ke7 31. Be4 Nh3+ 32. Kg2 Qg5 33. Nf3 Qc1 34. Nf5+ Bxf5 35. Bxf5 Nf4+ 36. Kg3 Nh5+ 37. Kh3 Nf4+ 38. Kg3 Nh5+ 39. Kh3 Nf4+ 1/2-1/2

[Event "WTCC-50 2018"]
[Site "Radebeul"]
[Date "2018.07.11"]
[Round "5"]
[White "Scheckenbach, Franz"]
[Black "Tischbierek, Raj"]
[Result "0-1"]
[ECO "B20"]
[WhiteElo "2106"]
[BlackElo "2436"]
[Annotator "NA"]
[PlyCount "64"]
[EventDate "2018.07.07"]
[EventType "team-tourn"]
[EventCountry "GER"]
[SourceTitle "playchess.com"]
[Source "ChessBase"]
[SourceQuality "1"]
[TimeControl "40/5400+30:1800+30"]

1. e4 c5 2. d3 Nc6 3. f4 g6 4. Nf3 Bg7 5. Be2 d6 6. O-O e6 7. Qe1 Nge7 8. Nc3 Nd4 9. Bd1 O-O 10. f5 exf5 11. Qh4 Nec6 12. Bg5 f6 13. Bd2 g5 14. Qf2 Nxf3+ 15. Bxf3 f4 16. Nd5 Be6 17. c3 Qd7 18. d4 cxd4 19. cxd4 f5 20. Bc3 Bxd5 21. exd5 Ne7 22. Rfe1 Kh8 23. Qe2 Rae8 24. Bh5 Ng6 25. Qc4 Re3 26. Re2 Rfe8 27. Rae1 R8e4 28. Bf3 Ne5 29. Qb3 Nxf3+ 30. gxf3 Rxe2 31. fxe4 Rxe1+ 32. Bxe1 fxe4 0-1

[Event "WTCC-50 2018"]
[Site "Radebeul"]
[Date "2018.07.11"]
[Round "5"]
[White "Fraser-Mitchell, Jeremy N"]
[Black "Strutinskaia, Galina"]
[Result "0-1"]
[ECO "A40"]
[WhiteElo "2060"]
[BlackElo "2221"]
[Annotator "NA"]
[PlyCount "102"]
[EventDate "2018.07.07"]
[EventType "team-tourn"]
[EventCountry "GER"]
[SourceTitle "playchess.com"]
[Source "ChessBase"]
[SourceQuality "1"]
[TimeControl "40/5400+30:1800+30"]

1. d4 e6 2. c4 b6 3. Nc3 Bb7 4. e4 Bb4 5. Bd3 Ne7 {[%emt 0:04:41] A40: Unusual replies to 1 d4} (5... f5 6. Qh5+ g6 7. Qe2 Nf6 8. Bg5 fxe4 9. Bc2 h6 10. Bxf6 Qxf6 11. Bxe4 Nc6 12. Nf3 O-O-O 13. O-O Nxd4 14. Nxd4 Qxd4 15. Rad1 Qf6 16. Bxb7+ Kxb7 {0-1 (75) Dzagnidze,N (2570)-Hou,Y (2673) Beijing 2014}) 6. Nf3 Bxc3+ 7. bxc3 d6 8. O-O Nd7 9. Re1 $146 ({Predecessor:} 9. Bf4 Ng6 10. Bg3 Qe7 11. Nd2 e5 12. Bc2 h5 13. h3 {0-1 (51) Djukic,S-Von Wantoch Rekowski,D (2095) Tivat 2001}) 9... e5 10. Rb1 Ng6 11. Be3 O-O 12. Rb2 Qe7 13. Nd2 Rfe8 14. f3 Ndf8 15. d5 Nd7 16. Nb3 Bc8 17. Bf1 a5 18. g3 a4 19. Nc1 Nc5 20. Nd3 Nb7 21. Nf2 Bd7 22. Bh3 a3 23. Rb4 Ra5 24. Bxd7 Qxd7 25. Qe2 Nc5 26. Nd1 f5 27. Nf2 f4 28. Bd2 Rf8 29. Kg2 h5 30. Nd3 Nxd3 31. Qxd3 Rf6 32. Rh1 Ra8 33. Rbb1 Nf8 34. Bc1 Nh7 35. gxf4 Rg6+ 36. Kf2 Qh3 37. Qf1 Qh4+ 38. Ke2 exf4 39. Bd2 Nf8 40. Qf2 Qf6 41. Rhg1 Ra4 42. Rb3 Rxg1 43. Qxg1 Nd7 44. Qc1 g5 45. Rxa3 Rxc4 46. Ra8+ Kh7 47. Qa3 g4 48. Qa6 gxf3+ 49. Kf1 Qg7 50. Qxc4 $19 Qg2+ 51. Ke1 f2+ 0-1

[Event "WTCC-50 2018"]
[Site "Radebeul"]
[Date "2018.07.11"]
[Round "5"]
[White "Homer, Stephen J"]
[Black "Fatalibekova, Elena"]
[Result "1-0"]
[ECO "B33"]
[WhiteElo "2020"]
[BlackElo "2195"]
[Annotator "NA"]
[PlyCount "73"]
[EventDate "2018.07.07"]
[EventType "team-tourn"]
[EventCountry "GER"]
[SourceTitle "playchess.com"]
[Source "ChessBase"]
[SourceQuality "1"]
[TimeControl "40/5400+30:1800+30"]

1. e4 c5 2. Nf3 e6 3. d4 cxd4 4. Nxd4 Nf6 5. Nc3 Nc6 6. Ndb5 d6 7. Bf4 e5 8. Bg5 a6 9. Na3 b5 10. Nd5 Be7 11. Bxf6 Bxf6 12. c4 b4 13. Nc2 a5 14. Be2 Bg5 15. O-O O-O 16. Qd3 Be6 17. Rad1 f5 18. Bf3 f4 19. a3 bxa3 20. Nxa3 Nd4 21. Nb5 Bxd5 22. Nxd4 exd4 23. exd5 Bf6 24. Rfe1 Qb6 25. Re6 a4 26. Be4 h6 27. Qh3 Qb3 28. Qg4 f3 29. Re1 g5 30. Qf5 Ra7 31. Rxf6 Rxf6 32. Qxf6 Qxb2 33. Bd3 Qb8 34. Qg6+ Kf8 35. Re6 Rg7 36. Qxh6 Kg8 37. Qh5 1-0

[Event "WTCC-50 2018"]
[Site "Radebeul"]
[Date "2018.07.11"]
[Round "5"]
[White "Jhunjhnuwala, Suresh"]
[Black "Ernst, Michael"]
[Result "1/2-1/2"]
[ECO "C01"]
[WhiteElo "1880"]
[BlackElo "2156"]
[Annotator "NA"]
[PlyCount "80"]
[EventDate "2018.07.07"]
[EventType "team-tourn"]
[EventCountry "GER"]
[SourceTitle "playchess.com"]
[Source "ChessBase"]
[SourceQuality "1"]
[TimeControl "40/5400+30:1800+30"]

1. e4 e6 2. d4 d5 3. exd5 exd5 4. Bd3 Nc6 5. c3 Bd6 6. h3 Nge7 7. Nf3 Bf5 8. O-O Qd7 9. Bxf5 Qxf5 10. Re1 O-O 11. Nbd2 Rae8 12. Nf1 Nd8 13. Qa4 Ndc6 14. Qb3 b6 15. Qa4 Qd7 16. Bg5 f6 17. Bh4 Ne5 18. Qxd7 Nxd7 19. Bg3 Nf5 20. Bxd6 Nxd6 21. Ne3 c6 22. Re2 Re6 23. Rae1 Rfe8 24. Kf1 Kf7 25. Nc2 a5 26. Rxe6 Rxe6 27. Rxe6 Kxe6 28. Ke2 g5 29. g4 Nc4 30. b3 Nd6 31. Nd2 Nf8 32. Ne1 Ng6 33. Nd3 Ne4 34. Nb1 f5 35. f3 Nf6 36. Nd2 h5 37. Nf2 Nf4+ 38. Ke3 Ng2+ 39. Ke2 Nf4+ 40. Ke3 Ng2+ {Ke4 Ke5+} 1/2-1/2